 Dungeon Crawl Stone Soup version 0.24-a0-499-g1074bba3cf (webtiles) character file.

Game seed: 16940203180143861099

42 mhoghedin the Stinger (level 3, -8/21 HPs)
             Began as an Octopode Venom Mage on July 14, 2019.
             Mangled by Terence
             ... wielding a +0 trident
              (10 damage)
             ... on level 2 of the Dungeon.
             The game lasted 00:06:24 (2214 turns).

mhoghedin the Stinger (Octopode Venom Mage)         Turns: 2214, Time: 00:06:25

Health: -8/21      AC:  1    Str: 11    XL:     3   Next: 54%
Magic:  0/7        EV: 13    Int: 18    God:
Gold:   21         SH:  0    Dex: 10    Spells: 1/7 levels left

rFire    . . .     SeeInvis .   c - +0 dagger
rCold    . . .     Gourm    .   (no shield)
rNeg     . . .     Faith    .   (helmet restricted)
rPois    .         Spirit   .   (no amulet)
rElec    .         Reflect  .   (no ring)
rCorr    .         Harm     .   (no ring)
MR       .....     Clarity  +   (no ring)
Stlth    +++.......             (no ring)
HPRegen  0.07/turn              (no ring)
MPRegen  0.10/turn              (no ring)
                                (no ring)
                                (no ring)

@: no status effects
A: almost no armour, stealthy swim, amphibious, 8 rings, constrict 8, camouflage
1, clarity, clumsy 1, strong 2, gelatinous body 1
a: no special abilities


You were on level 2 of the Dungeon.
You were not hungry.

You visited 1 branch of the dungeon, and saw 2 of its levels.

You collected 21 gold pieces.

Inventory:

Hand Weapons
 c - a +0 dagger (weapon)
   (You took it off a kobold on level 1 of the Dungeon)
Scrolls
 a - a scroll of remove curse {unknown}
 e - a scroll of teleportation {unknown}
 g - a scroll of blinking {unknown}
Comestibles
 b - 2 rations


   Skills:
 - Level 2.0 Dodging
 - Level 2.6 Stealth
 + Level 2.8 Spellcasting
 - Level 1.0 Conjurations
 + Level 4.6 Poison Magic


You had one spell level left.
You knew the following spells:

 Your Spells              Type           Power        Failure   Level  Hunger
a - Sting                 Conj/Pois      ##..         5%          1    None
b - Poisonous Vapours     Pois/Air       ##....       10%         2    ##.....
x - Mephitic Cloud        Conj/Pois/Air  #.......     22%         3    ###....

Your spell library contained the following spells:

 Spells                   Type           Power        Failure   Level  Hunger
 Olgreb's Toxic Radiance  Pois           ###.....     24%         4    ####...
 Venom Bolt               Conj/Pois      ##........   82%         5    ######.


Dungeon Overview and Level Annotations

Branches:
Dungeon (2/15)

Altars:
Ashenzari
Wu Jian

Annotations:
D:2 Terence


Innate Abilities, Weirdness & Mutations

You cannot wear most types of armour.
You are very stealthy in the water. (Stealth+)
You are amphibious.
You can wear up to eight rings at the same time.
You can use your tentacles to constrict eight enemies at once.
Your skin changes colour to match your surroundings (Stealth+).
Your rubbery body absorbs attacks. (AC +1, EV +1)
You possess an exceptional clarity of mind.
You are clumsy. (Dex -2)
Your muscles are very strong. (Str +4)


Message History

You don't have enough magic to cast that spell.
You hit the hobgoblin. Your grab misses the hobgoblin.
The hobgoblin barely misses you.
You hit the hobgoblin but do no damage. You grab the hobgoblin.
You constrict the hobgoblin. The hobgoblin hits you with a +0 club.
You take 5 damage, and have 10/21 hp.
MASSIVE DAMAGE!!
You hit the hobgoblin but do no damage.
You constrict the hobgoblin, but do no damage.
The hobgoblin hits you with a +0 club.
* * * LOW HITPOINT WARNING * * *
You take 5 damage, and have 5/21 hp.
MASSIVE DAMAGE!!
You hit the hobgoblin but do no damage. You constrict the hobgoblin.
You kill the hobgoblin!
You start resting.
Your magical contamination has completely faded away.
You regained 2 mp, and now have 2/7 mp.
Unknown command.
You start resting.
All of the chunks of flesh in your inventory have rotted away.
Health restored: 21; MP restored: 7 Unknown command.
There is an open door here.
Unknown command.
Unknown command.
(D) Dungeon
Where to? (Enter - D:1 @ (x,y), ? - help)
There is an open door here.
There is a stone staircase leading down, spattered with blood here.
You climb downwards.
Level annotation: Terence The gnoll hits you from afar with a +0 halberd!
There is a stone staircase leading up here.
You take 10 damage, and have 11/21 hp.
MASSIVE DAMAGE!!
You climb upwards.
There is a stone staircase leading down, spattered with blood here.
Memorise Poisonous Vapours, consuming 2 spell levels and leaving 4?
You start memorising the spell.
You continue memorising. x2
You finish memorising.
Spell assigned to 'b'.
Memorise Mephitic Cloud, consuming 3 spell levels and leaving 1?
You start memorising the spell.
You continue memorising. x3
You finish memorising.
Spell assigned to 'x'.
There is an open door here.
Unknown command.
Unknown command.
Unknown command.
There is an open door here.
There is a stone staircase leading down here.
You start resting.
Health restored: 21
Okay, then.
Unknown command.
As you read the scroll labeled JAYDAO DOALO, it crumbles to dust.
The scroll dissolves into smoke.
It was a scroll of fog.
Okay, then.
Unknown command.
You climb downwards.
Level annotation: Terence
There is a stone staircase leading up here.
Okay, then.
Unknown command.
Aim: Terence, wielding a +0 trident and wearing a +0 scale mail Poisonous vapours surround Terence!
Terence is engulfed in poison gas.
Terence is poisoned.
You now have 5/7 mp.
Aim: Terence, wielding a +0 trident and wearing a +0 scale mail (moderately wounded, poisoned) Poisonous vapours surround Terence!
Terence looks even sicker.
Terence drinks a potion.
Terence is healed!
Terence looks more healthy.
You now have 3/7 mp.
Aim: Terence, wielding a +0 trident and wearing a +0 scale mail (lightly wounded) Poisonous vapours surround Terence!
Terence is engulfed in poison gas.
Terence is poisoned.
Terence barely misses you.
You now have 1/7 mp.
Aim: Terence, wielding a +0 trident and wearing a +0 scale mail (moderately wounded, poisoned)
Okay, then.
Unknown command.
Unknown command.
Unknown command.
Aim: Terence, wielding a +0 trident and wearing a +0 scale mail (moderately wounded, poisoned)
The sting hits Terence but does no damage.
Terence looks even sicker.
Terence closely misses you.
You now have 0/7 mp.
Terence closely misses you.
You hit Terence but do no damage. You grab Terence.
You constrict Terence, but do no damage.
Terence hits you with a +0 trident!
You take 10 damage, and have 11/21 hp.
MASSIVE DAMAGE!!
You hit Terence but do no damage.
You constrict Terence, but do no damage.
Terence hits you with a +0 trident!
* * * LOW HITPOINT WARNING * * *
You take 9 damage, and have 2/21 hp.
MASSIVE DAMAGE!!
You release your grip on Terence.
Terence hits you from afar with a +0 trident!
You die...

### ####### #@#
#...@.# #.# #.###.#
#@# #.# #.###.# #.#
#.@...#
###@##############
####.......>.........
.............รท.......
####.#...............


You could see Terence.

Vanquished Creatures
  An adder (D:2)
  2 dart slugs
  A leopard gecko (D:2)
  2 goblins (D:1)
  3 hobgoblins
  6 jackals
  2 bats (D:1)
  3 frilled lizards
  5 kobolds
  2 rats
27 creatures vanquished.

Notes
Turn   | Place    | Note
-------+----------+-------------------------------------------
     0 | D:1      | mhoghedin the Octopode Venom Mage began the quest for the
                  | Orb.
     0 | D:1      | Reached XP level 1. HP: 11/11 MP: 3/3
   253 | D:1      | Reached skill level 4 in Poison Magic
   253 | D:1      | Reached XP level 2. HP: 17/17 MP: 1/5
   389 | D:1      | HP: 3/17 [jackal (2)]
  1264 | D:1      | Gained mutation: Your muscles are strong. (Str +2) [potion
                  | of mutation]
  1264 | D:1      | Gained mutation: You are clumsy. (Dex -2) [potion of
                  | mutation]
  1264 | D:1      | Gained mutation: You possess an exceptional clarity of
                  | mind. [potion of mutation]
  1264 | D:1      | Gained mutation: Your muscles are very strong. (Str +4)
                  | [potion of mutation]
  1351 | D:2      | Found a shattered altar of Ashenzari.
  1366 | D:2      | Reached XP level 3. HP: 14/21 MP: 0/7
  1424 | D:2      | Found an ornate altar of the Wu Jian Council.
  1424 | D:2      | Noticed Terence
  1461 | D:2      | HP: 3/21 [Terence/+0 trident (6)]
  1465 | D:2      | HP: 1/21 [dart slug/slug dart (3)]
  1811 | D:1      | HP: 5/21 [hobgoblin/+0 club (5)]
  2066 | D:1      | Learned a level 2 spell: Poisonous Vapours
  2070 | D:1      | Learned a level 3 spell: Mephitic Cloud
  2213 | D:2      | HP: 2/21 [Terence/+0 trident (9)]
  2214 | D:2      | Mangled by Terence

Levels and vault maps discovered:
D:1:      onia_arrival_pyramid, layout_loops_corners
D:2:      layout_basic, old_standard_altar, old_standard_altar,
          lemuel_doored_altar, old_standard_altar, minmay_split_cup_large,
          uniq_terence

Skill      XL: |  1 |
---------------+----+-----
Poison Magic   | 4 |  4.6
Dodging        | |  2.0
Stealth        | |  2.6
Spellcasting   | |  2.8
Conjurations   | |  1.0

Action                   || total
-------------------------++-------
Melee: Dagger            ||    24
       Tentacles         ||     6
       Constrict         ||     7
 Cast: Sting             ||    48
       Poisonous Vapours ||     3
  Use: Potion            ||     1
       Scroll            ||     1
  Eat: Chunk             ||     2
       Ration            ||     1
Armor: Skin              ||     4
Dodge: Dodged            ||    40

Table legend:
 A = Non-vault XP
 B = Vault XP
 C = Vault XP percentage of total XP
 D = Non-vault monster count
 E = Vault monster count
 F = Vault count percentage of total count
                 A         B        C        D         E       F
            +---------+---------+-------+---------+---------+-------
      Total |      60 |       0 |   0.0 |      27 |       0 |   0.0
            +---------+---------+-------+---------+---------+-------
        D:1 |      29 |       0 |   0.0 |      17 |       0 |   0.0
        D:2 |      31 |       0 |   0.0 |      10 |       0 |   0.0
            +---------+---------+-------+---------+---------+-------

Levels and vault maps discovered:
D:1:      onia_arrival_pyramid, layout_loops_corners
D:2:      layout_basic, old_standard_altar, old_standard_altar,
          lemuel_doored_altar, old_standard_altar, minmay_split_cup_large,
          uniq_terence

Table legend:
 A = Turns spent in this place as a percentage of turns spent in the entire game.
 B = Non-inter-level travel turns spent in this place as a percentage of non-inter-level travel turns spent in the entire game.
 C = Inter-level travel turns spent in this place as a percentage of turns spent in this place.
 D = Turns resting spent in this place as a percentage of non-inter-level travel turns spent in this place.
 E = Turns spent auto-exploring this place as a percentage of non-inter-level travel turns spent in this place.
 F = Non-inter-level travel turns spent in this place divided by the number of levels of this place that you've seen.
                   A       B       C       D       E      F
               +-------+-------+-------+-------+-------+----------------------
         Total | 100.0 | 100.0 |   5.1 |  52.9 |  35.4 | 1050.5
       Dungeon | 100.0 | 100.0 |   5.1 |  52.9 |  35.4 | 1050.5
               +-------+-------+-------+-------+-------+----------------------

Table legend:
 A = Kills in this place as a percentage of kills in entire the game.
 B = Kills by you in this place as a percentage of kills by you in the entire game.
 C = Kills by friends in this place as a percentage of kills by friends in the entire game.
 D = Other kills in this place as a percentage of other kills in the entire game.
 E = Experience gained in this place as a percentage of experience gained in the entire game.
 F = Experience gained in this place divided by the number of levels of this place that you have seen.
                   A       B       C       D       E      F
               +-------+-------+-------+-------+-------+----------------------
         Total | 100.0 | 100.0 |   N/A |   N/A | 100.0 |  30.0
       Dungeon | 100.0 | 100.0 |   N/A |   N/A | 100.0 |  30.0
               +-------+-------+-------+-------+-------+----------------------
